AoeStats
← Do Not Flush

Arabia

510644961Analyzed
1v1 RM · 7h ago on Oct 1, 2026· 24m 33s· 2 players
Game mode
Random Map
Map size
Tiny (2 player)
Population
200
Speed
Normal
Resources
Standard
Victory
Conquest
Starting age
Dark Age
Ending age
Imperial Age
RankedLock teamsTeams togetherTeam positionsShared explorationLock speedFull tech treeHidden civsTurbo modeCheats
Victory
Defeat
🇬🇧 Saxons · United Kingdom
1157
+15
🇺🇸 Byzantines · United States
1132
-15
Wicket
5:44 Loom
9:32 Feudal Age
16:03 Fletching
21:31 Castle Age
21:40 Elite Skirmisher
21:43 Crossbowman
22:19 Bodkin Arrow
23:31 Double-Bit Axe
Do Not Flush
9:32 Feudal Age
10:05 Man-at-Arms
10:41 Double-Bit Axe
13:07 Loom
14:10 Horse Collar
19:34 Castle Age
17:49 Bloodlines
18:47 Wheelbarrow
19:20 Scale Barding Armor
19:25 Gold Mining
20:06 Forging
20:54 Wheelbarrow
22:12 Husbandry
Connection lost

Rejoining the realm…

Still unreachable

The connection could not be restored.

Session expired

The server has moved on; the page needs a fresh start.